 Dungeon Crawl Stone Soup version 0.28.0-53-g5a82cb258f (webtiles) character file.

Game seed: 13467060846911060905

246 issech the Chopper (level 5, 0/46 HPs)
             Began as a Minotaur Monk on June 17, 2022.
             Succumbed to Crazy Yiuf's poison
             ... on level 2 of the Dungeon.
             The game lasted 00:04:32 (2023 turns).

issech the Chopper (Minotaur Monk)                  Turns: 2023, Time: 00:04:32

Health: 0/46       AC:  8    Str: 15    XL:     5   Next: 84%
Magic:  4/4        EV: 11    Int:  7    God:
Gold:   106        SH:  0    Dex: 15    Spells: 4/4 levels left

rFire   . . .      SeeInvis .   a - +0 hand axe
rCold   . . .      Faith    .   (no shield)
rNeg    . . .      Spirit   .   k - +0 scale mail
rPois   .          Reflect  .   (helmet restricted)
rElec   .          Harm     .   (no cloak)
rCorr   .          Rampage  .   g - +0 pair of gloves
Will    .....                   c - +0 pair of boots
Stlth   +.........              (no amulet)
HPRegen 0.15/turn               (no ring)
MPRegen 0.09/turn               (no ring)

@: lethally poisoned (0 -> -7)
A: horns 2, retaliatory headbutt
a: no special abilities


You were on level 2 of the Dungeon.
You visited 1 branch of the dungeon, and saw 2 of its levels.

You collected 106 gold pieces.

Inventory:

Hand Weapons
 a - a +0 hand axe (weapon)
Missiles
 e - 37 stones (quivered)
Armour
 b - a +0 robe
 c - a +0 pair of boots (worn)
 f - a +0 leather armour
 g - a +0 pair of gloves (worn)
 k - a +0 scale mail (worn)
Scrolls
 d - a scroll of vulnerability {unknown}
 h - a scroll of immolation {unknown}
 i - a scroll of identify {unknown}
 j - a scroll of magic mapping {unknown}
 o - a scroll of summoning {unknown}
 p - a scroll of amnesia {unknown}
Potions
 l - a potion of cancellation {unknown}
 m - a potion of might {unknown}
 n - a potion of heal wounds {unknown}


   Skills:
 + Level 4.3 Fighting
 + Level 5.6 Axes
 + Level 2.2 Armour
 + Level 4.5 Dodging
 + Level 2.5 Stealth


You had 4 spell levels left.
You didn't know any spells.
Your spell library was empty.

Dungeon Overview and Level Annotations

Branches:
Dungeon (2/15)

Altars:

Annotations:
D:2 Crazy Yiuf


Innate Abilities, Weirdness & Mutations

You have a pair of horns on your head.
You reflexively headbutt those who attack you in melee.


Message History

a +0 club; a +0 robe; the human corpse of Jessica HP restored.
You see here a quokka skeleton.
Crazy Yiuf shouts!
Could not explore, unopened runed door.
You open the door.
Crazy Yiuf grits, "Ghoul!
Ten dark infinity."
You hit Crazy Yiuf.
Crazy Yiuf is lightly wounded.
Crazy Yiuf hits you with a +3 quarterstaff of chaos!
Crazy Yiuf freezes you.
You hit Crazy Yiuf.
Crazy Yiuf is moderately wounded.
Crazy Yiuf hits you with a +3 quarterstaff of chaos.
Space warps horribly around you!
You hit Crazy Yiuf.
Crazy Yiuf is heavily wounded.
Crazy Yiuf completely misses you.
You hit Crazy Yiuf but do no damage. Your headbutt misses Crazy Yiuf.
Crazy Yiuf is heavily wounded.
Crazy Yiuf hits you with a +3 quarterstaff of chaos!
* * * LOW HITPOINT WARNING * * *
You are lethally poisoned!
You closely miss Crazy Yiuf.
Crazy Yiuf is heavily wounded.
* * * LOW HITPOINT WARNING * * *
You feel very sick.
Crazy Yiuf hits you with a +3 quarterstaff of chaos.
* * * LOW HITPOINT WARNING * * *
You hit Crazy Yiuf but do no damage.
Crazy Yiuf is heavily wounded.
* * * LOW HITPOINT WARNING * * *
You feel sick. Crazy Yiuf closely misses you.
You hit Crazy Yiuf.
Crazy Yiuf is heavily wounded.
* * * LOW HITPOINT WARNING * * *
You feel sick. Crazy Yiuf closely misses you.
You hit Crazy Yiuf but do no damage.
Crazy Yiuf is heavily wounded.
You die...

#### ...# #####
.#.###### #)..#
##########
........#### #...#
#........#
.#.##......# ...
#.######.#
...##...#### #g#
########.###
......### ♣@♣♣
#...........
...#...##### ♣♣.♣
########.###
.#..÷......# ♣.♣♣
#.# # .#......####
♣♣.♣ #.###
........#### ♣♣.♣♣
#.... ...........#
♣♣...♣ ############
###.....##.# ♣....♣
#....)......
###.....##.# #....#
############
......####.####....#
#


You could see Crazy Yiuf.

Vanquished Creatures
  A scorpion (D:2)
  Jessica (D:2)
  Natasha (thrice) (D:2)
  A hound skeleton (D:2)
  2 adders (D:2)
  A worm (D:2)
  3 dart slugs
  4 ball pythons
  5 bats
  An endoplasm (D:1)
  A giant cockroach (D:2)
  3 goblins
  4 hobgoblins (D:1)
  6 jackals (D:1)
  4 quokkas
  5 frilled lizards
  2 rats (D:1)
47 creatures vanquished.

Notes
Turn   | Place    | Note
-------+----------+-------------------------------------------
     0 | D:1      | issech the Minotaur Monk began the quest for the Orb.
     0 | D:1      | Reached XP level 1. HP: 19/19 MP: 0/0
    97 | D:1      | Reached XP level 2. HP: 22/27 MP: 1/1
   414 | D:1      | Reached skill level 4 in Axes
   561 | D:1      | Reached XP level 3. HP: 33/33 MP: 2/2
   742 | D:1      | Found a faded altar of an unknown god.
   788 | D:1      | Found a faded altar of an unknown god.
  1060 | D:2      | Reached XP level 4. HP: 34/40 MP: 3/3
  1169 | D:2      | Noticed a scorpion
  1176 | D:2      | Killed a scorpion
  1177 | D:2      | Reached skill level 5 in Axes
  1177 | D:2      | Reached skill level 1 in Armour
  1177 | D:2      | Reached XP level 5. HP: 35/46 MP: 4/4
  1388 | D:2      | Noticed Natasha
  1400 | D:2      | Killed Natasha
  1455 | D:2      | Noticed Natasha
  1470 | D:2      | Killed Natasha
  1575 | D:2      | Noticed Natasha
  1584 | D:2      | Killed Natasha
  1696 | D:2      | Found a runed translucent door.
  1697 | D:2      | Noticed Crazy Yiuf
  1857 | D:2      | Noticed Jessica
  1870 | D:2      | Killed Jessica
  2022 | D:2      | HP: 2/46 [poisoned by Crazy Yiuf]
  2023 | D:2      | Succumbed to Crazy Yiuf's poison

Illustrated notes

Levels and vault maps discovered:
D:1:      lemuel_arrival_broad_hall, layout_basic,
          hellmonk_ecumenical_altar_the_god_not_taken,
          chequers_serial_rivers_large_b, minmay_misc_feat_roman,
          minmay_misc_feat_rugged
D:2:      layout_loops_ring, minmay_tripent, uniq_natasha,
          uniq_crazy_yiuf_cottage, uniq_jessica

Skill      XL: |  1  2  3  4  5 |
---------------+----------------+-----
Axes           | 4 5 |  5.6
Dodging        | 4 |  4.5
Fighting       | 4 |  4.3
Armour         | 1 2 |  2.2
Stealth        | 2 |  2.5

Action                   |  1- 3 |  4- 6 || total
-------------------------+-------+-------++-------
Melee: Hand axe          |    65 |    52 ||   117
       Headbutt          |    10 |     6 ||    16
       Punch             |       |     1 ||     1
 Stab: Sleeping          |     3 |       ||     3
Armor: Robe              |     9 |       ||     9
       Leather armour    |    11 |     3 ||    14
       Scale mail        |       |    13 ||    13
Dodge: Dodged            |    61 |    21 ||    82
